 Dungeon Crawl Stone Soup version 0.31.0-11-ge490571c62 (webtiles) character file.

Game seed: 4345479226343179840

288 qw the Skirmisher (level 6, 0/35 HPs)
             Began as a Deep Elf Hunter on Feb 4, 2024.
             Incinerated by a bombardier beetle (4 damage)
             ... with a burning spray
             ... on level 4 of the Dungeon.
             The game lasted 00:00:10 (2763 turns).

qw the Skirmisher (Deep Elf Hunter)                 Turns: 2763, Time: 00:00:10

Health: 0/35       AC:  6    Str: 10    XL:     6   Next: 9%
Magic:  8/8        EV: 11    Int: 14    God:
Gold:   191        SH:  0    Dex: 18    Spells: 5/5 levels left

rFire   . . .        a - +0 shortbow
rCold   + . .        (shield currently unavailable)
rNeg    . . .        h - +1 ring mail
rPois   +            (no helmet)
rElec   .            (no cloak)
rCorr   .            (no gloves)
SInv    .            (no boots)
Will    .....        (no amulet)
Stlth   +            g - ring of poison resistance
HPRegen 0.25/turn    j - ring of protection from cold
MPRegen 0.11/turn

%: no passive effects
@: on fire, glowing
A: no striking features
a: no special abilities


You were on level 4 of the Dungeon.
You visited 1 branch of the dungeon, and saw 4 of its levels.

You collected 191 gold pieces.


   Skills:
 - Level 2.0 Fighting
 + Level 9.5 Ranged Weapons
 - Level 2.4 Dodging
 - Level 1.2 Stealth


You had 5 spell levels left.
You didn't know any spells.
Your spell library was empty.

Inventory:

Hand Weapons
 a - a +0 shortbow (weapon)
Armour
 h - a +1 ring mail (worn)
Jewellery
 c - a ring of ice
 g - a ring of poison resistance (left hand)
 j - a ring of protection from cold (right hand)
Wands
 b - a wand of polymorph (8)
Scrolls
 f - 2 scrolls of identify
 i - 3 scrolls of teleportation
Potions
 d - a potion of curing
 e - a potion of invisibility {unknown}

Dungeon Overview and Level Annotations

Branches:
Dungeon (4/15)
 Temple: D:4-7

Altars:
Nemelex Xobeh
Ru
Sif Muna


Message History

You kill the ball python!
A bombardier beetle comes into view.
You see here a +0 cloak.
You shoot an arrow. The arrow hits the bombardier beetle.
The bombardier beetle is moderately wounded.
You shoot an arrow.
The arrow hits the bombardier beetle but does no damage.
The bombardier beetle is moderately wounded.
You shoot an arrow.
The arrow barely misses the bombardier beetle.
You shoot an arrow. The arrow hits the bombardier beetle!
The bombardier beetle is almost dead.
You shoot an arrow.
The arrow hits the bombardier beetle but does no damage.
The bombardier beetle is almost dead.
The bombardier beetle sprays incendiary fluid at you.
The burning spray hits you.
You are covered in liquid fire!
You shoot an arrow. The arrow hits the bombardier beetle.
You kill the bombardier beetle!
The liquid fire burns you!
Your Fighting skill increases to level 2!
You have reached level 6!
You are on fire!
The liquid fire burns you!
You are on fire!
The liquid fire burns you!
You are on fire!
The liquid fire burns you!
You are on fire!
The liquid fire burns you!
You are on fire!
The liquid fire burns you!
You are on fire!
The liquid fire burns you!
You are on fire!
The liquid fire burns you!
You are on fire!
The liquid fire burns you!
You die...

#........). #........).
#.......... #.......###
########### ##.######
..........#####.#
..........).....#
..........#######
..%....@..# ...%......#
..........# ####
..........# #...
..........# #...
#####################...
#............
#.########### #.#


There were no monsters in sight!

Vanquished Creatures
  An ogre (D:4)
  A scorpion (D:4)
  A hound (D:3)
  A bombardier beetle (D:4)
  An adder (D:3)
  A dart slug (D:1)
  4 orcs
  8 ball pythons
  4 bats
  2 endoplasms (D:1)
  8 giant cockroaches
  5 goblins
  4 hobgoblins
  3 jackals (D:2)
  4 kobolds
  2 quokkas (D:2)
  3 frilled lizards
  9 rats
62 creatures vanquished.

Notes
Turn   | Place    | Note
-------+----------+-------------------------------------------
     0 | D:1      | qw the Deep Elf Hunter began the quest for the Orb.
     0 | D:1      | Reached XP level 1. HP: 12/12 MP: 3/3
     0 | D:1      | 0 ||| qw: Version: 0.3-a-160-g6735b56
     0 | D:1      | 0 ||| qw: Game counter: 5323
     0 | D:1      | 0 ||| qw: Melee chars always use a shield: true
     0 | D:1      | 0 ||| qw: God list: Okawaru
     0 | D:1      | 0 ||| qw: Allow faded altars: false
     0 | D:1      | 0 ||| qw: Do Orc after clearing Dungeon:15 true
     0 | D:1      | 0 ||| qw: Do second Lair branch before Depths: true
     0 | D:1      | 0 ||| qw: Lair rune preference: random
     0 | D:1      | 0 ||| qw: Goals: Normal
     0 | D:1      | 0 ||| PLANNING D:1-11
   329 | D:1      | Reached XP level 2. HP: 16/16 MP: 4/4
   335 | D:1      | Reached skill level 6 in Ranged Weapons
   871 | D:1      | 871 ||| UPGRADING to ring of poison resistance.
   872 | D:1      | 872 ||| READING 3 scrolls labelled ISISESHRETTOME.
   872 | D:1      | 872 ||| IDENTIFYING orange potion
   873 | D:1      | 873 ||| READING 2 scrolls of identify.
   873 | D:1      | 873 ||| IDENTIFYING scroll labelled TANUARPH IDOE
   874 | D:1      | 874 ||| READING scroll of identify.
   874 | D:1      | 874 ||| IDENTIFYING scroll labelled ODDIOH HOP
   875 | D:1      | 875 ||| READING 3 scrolls labelled YKLOSIWEPU.
   878 | D:1      | 878 ||| DROPPING scroll of butterflies.
   879 | D:1      | 879 ||| DROPPING scroll of immolation.
   880 | D:1      | 880 ||| DROPPING scroll of revelation.
   901 | D:2      | 901 ||| STAIRDANCE
   909 | D:2      | 909 ||| STAIRDANCE
   928 | D:2      | 928 ||| STAIRDANCE
   992 | D:2      | Reached XP level 3. HP: 11/20 MP: 5/5
  1107 | D:2      | HP: 5/20 [jackal (1)]
  1108 | D:2      | 1108 ||| READING 2 scrolls of teleportation.
  1109 | D:2      | 1109 ||| DRINKING potion of heal wounds.
  1135 | D:2      | 1135 ||| FLEEEEING.
  1136 | D:2      | 1136 ||| STAIRDANCE
  1144 | D:1      | 1144 ||| READING scroll labelled GEFREIR NIEWN.
  1362 | D:2      | Reached skill level 7 in Ranged Weapons
  1524 | D:2      | 1524 ||| UPGRADING to +0 ring mail.
  1534 | D:2      | 1534 ||| DROPPING +0 leather armour.
  1535 | D:2      | 1535 ||| READING 3 scrolls of identify.
  1535 | D:2      | 1535 ||| IDENTIFYING silvery potion
  1536 | D:2      | 1536 ||| READING 2 scrolls of identify.
  1536 | D:2      | 1536 ||| IDENTIFYING scroll labelled KAUDAO PODIKK
  1537 | D:2      | 1537 ||| DROPPING scroll of torment.
  1777 | D:3      | Found a sparkling altar of Nemelex Xobeh.
  1903 | D:3      | Found a sacrificial altar of Ru.
  2004 | D:3      | Reached XP level 4. HP: 8/25 MP: 6/6
  2500 | D:3      | Reached skill level 8 in Ranged Weapons
  2526 | D:3      | 2526 ||| DROPPING ring of ice.
  2527 | D:3      | 2527 ||| UPGRADING to ring of protection from cold.
  2528 | D:3      | 2528 ||| READING 3 scrolls of identify.
  2528 | D:3      | 2528 ||| IDENTIFYING scroll labelled JAKLATZOABUSI
  2529 | D:3      | 2529 ||| READING scroll of enchant armour.
  2529 | D:3      | 2529 ||| ENCHANTING +0 ring mail.
  2668 | D:4      | Noticed a scorpion
  2678 | D:4      | Killed a scorpion
  2679 | D:4      | Reached XP level 5. HP: 26/29 MP: 7/7
  2689 | D:4      | Found a shimmering blue altar of Sif Muna.
  2690 | D:4      | Noticed an ogre
  2699 | D:4      | Killed an ogre
  2700 | D:4      | Reached skill level 9 in Ranged Weapons
  2756 | D:4      | Reached XP level 6. HP: 31/35 MP: 8/8
  2761 | D:4      | HP: 8/35 [burnt (4)]
  2762 | D:4      | HP: 3/35 [burnt (5)]
  2763 | D:4      | Incinerated by a bombardier beetle

Levels and vault maps discovered:
D:1:      nicolae_arrival_somewhat_less_tricky_arrival, layout_basic
D:2:      layout_rooms, grunt_ministairs_3, kennysheep_generic_room_12
D:3:      layout_basic, mainiacjoe_overflow_catch_the_wave
D:4:      layout_basic, marbit_many_paths, hellmonk_sif_muna_bookshelves,
          serial_shops, shop

Skill      XL: |  1  2  3  4  5 |
---------------+----------------+-----
Ranged Weapons | 6 7 8 9 |  9.5
Fighting       | 2 |  2.0
Dodging        | |  2.4
Stealth        | |  1.2

Action                     |  1- 3 |  4- 6 || total
---------------------------+-------+-------++-------
   Fire: Shortbow          |   160 |    44 ||   204
    Use: Scroll            |     8 |     2 ||    10
         Potion            |     1 |       ||     1
 Armour: Leather armour    |    51 |       ||    51
         Ring mail         |    11 |    10 ||    21
  Dodge: Dodged            |    80 |     9 ||    89

Table legend:
 A = Non-vault XP
 B = Vault XP
 C = Vault XP percentage of total XP
 D = Non-vault monster count
 E = Vault monster count
 F = Vault count percentage of total count
                 A         B        C        D         E       F
            +---------+---------+-------+---------+---------+-------
      Total |     409 |       3 |   0.7 |      60 |       2 |   3.2
            +---------+---------+-------+---------+---------+-------
        D:1 |      33 |       1 |   2.9 |      17 |       1 |   5.6
        D:2 |      34 |       2 |   5.6 |      23 |       1 |   4.2
        D:3 |      80 |       0 |   0.0 |      13 |       0 |   0.0
        D:4 |     262 |       0 |   0.0 |       7 |       0 |   0.0
            +---------+---------+-------+---------+---------+-------
